 Dungeon Crawl Stone Soup version 0.28-a0-1074-g3cb2360906 (webtiles) character file.

Game seed: 3798303106361212639

786 Lavandula the Bolt Thrower (level 7, -4/60 (62) HPs)
             Began as a Naga Arcane Marksman on Dec 9, 2021.
             Slain by a wight (6 damage)
             ... on level 6 of the Dungeon.
             The game lasted 00:12:15 (4290 turns).

Lavandula the Bolt Thrower (Naga Arcane Marksman)   Turns: 4290, Time: 00:12:16

HP:   -4/60 (62)    AC:  4    Str: 15    XL:     7   Next: 87%
MP:   8/8           EV:  9    Int: 13    God:
Gold: 197           SH:  0    Dex: 11    Spells: 4/8 levels left

rFire   . . .      SeeInvis +   q - +4 short sword (venom)
rCold   . . .      Faith    +   (no shield)
rNeg    . . .      Spirit   .   d - +0 robe
rPois   +          Reflect  .   h - +0 helmet
rElec   .          Harm     .   (no cloak)
rCorr   .          Rampage  .   (no gloves)
Will    .....                   (no barding)
Stlth   +.........              g - amulet of faith
HPRegen 0.20/turn               (no ring)
MPRegen 0.11/turn               (no ring)

@: about to teleport, lightly drained, very slow
A: AC +2, large, see invisible, deformed body, poison resistance, slowness 2,
spit poison 1, naga tail 1
a: Spit Poison


You were on level 6 of the Dungeon.
You visited 1 branch of the dungeon, and saw 5 of its levels.

You collected 197 gold pieces.

Inventory:

Hand Weapons
 a - a +0 hand crossbow
 b - a +2 dagger of flaming
 e - a +0 spear
 p - a +2 vorpal hand axe
 q - a +4 short sword of venom (weapon)
Missiles
 c - 14 bolts
Armour
 d - a +0 robe (worn)
 h - a +0 helmet (worn)
Jewellery
 g - an amulet of faith (around neck)
 k - a ring of resist corrosion
Scrolls
 j - a scroll of fear
 l - a scroll of holy word {unknown}
 r - 2 scrolls of identify {unknown}
 t - a scroll of amnesia {unknown}
Potions
 i - a potion of lignification {unknown}
 m - a potion of degeneration {unknown}
 o - a potion of flight {unknown}
 u - a potion of haste {unknown}
 v - a potion of resistance {unknown}


   Skills:
 - Level 3.0 Fighting
 - Level 5.0 Short Blades
 + Level 5.7 Crossbows
 - Level 1.5 Dodging
 - Level 1.0 Spellcasting
 - Level 3.0 Hexes


You had 4 spell levels left.
You knew the following spells:

 Your Spells              Type           Power      Damage    Failure   Level
a - Slow                  Hex            32%        N/A       9%          1
b - Inner Flame           Hex/Fire       4%         N/A       41%         3

Your spell library contained the following spells:

 Spells                   Type           Power      Damage    Failure   Level
 Portal Projectile        Hex/Tloc       8%         N/A       41%         3
 Gell's Gravitas          Tloc           0%         N/A       63%         3
 Lesser Beckoning         Tloc           0%         N/A       63%         3
 Teleport Other           Tloc           0%         N/A       63%         3
 Cause Fear               Hex            4%         N/A       63%         4
 Fireball                 Conj/Fire      0%         3d3       100%        5
 Iskenderun's Battlesphe  Conj           0%         2d6       100%        5
 Conjure Ball Lightning   Conj/Air       0%         3x3d6     100%        6
 Orb of Destruction       Conj           0%         N/A       100%        7


Dungeon Overview and Level Annotations

Branches:
Dungeon (4/15)
 Temple: D:4-7

Altars:
Cheibriados
Hepliaklqana
Qazlal
Wu Jian
Xom

Annotations:
D:2 Natasha


Innate Abilities, Weirdness & Mutations

Your serpentine skin is tough. (AC +2)
You have supernaturally acute eyesight. (SInv)
Armour fits poorly on your strangely shaped body.
Your system is resistant to poisons. (rPois)
You cover ground very slowly.
You can spit poison.
You have a snake-like lower body.


Message History

You hear the rusting of a distant drain.
You see here a +0 giant spiked club.
You see here a necrophage corpse.
You open the door.
There is an open door here.
A wight comes into view. It is wielding a +0 morningstar.
The wight moves out of view.
A wight is nearby!
You aren't carrying any items that you can evoke.
Unknown command.
Unknown command.
There is an open door here.
Unknown command.
Unknown command.
Unknown command.
You close the door.
A wight opens the door.
You close the door.
A wight breaks down the door.
It's broken and can't be closed.
Okay, then.
Unknown command.
Okay, then.
Okay, then.
Your +2 dagger of flaming stops flaming.
Your +3 short sword of venom begins to drip with poison!
q - a +3 short sword of venom (weapon)
As you read the scroll of enchant weapon, it crumbles to dust.
Your +3 short sword of venom glows red for a moment.
The wight hits you with a +0 morningstar!
You barely miss the wight.
The wight hits you with a +0 morningstar!
* * * LOW HITPOINT WARNING * * *
Unknown command.
It was a potion of magic.
Magic courses through your body. The wight closely misses you.
As you read the scroll of teleportation, it crumbles to dust.
You feel strangely unstable.
The wight hits you with a +0 morningstar!
* * * LOW HITPOINT WARNING * * *
You feel drained.
You die...

...........# ##########.#
........)#.# .#######.#.#
.# #.#.#######
.#######.#.......#
.........#######.#####
.######### #.#...#
.)†...# #@#...#
.####.##########z#...#
.....................#
..[......................
#####.#####.......#.###.#
#_###.# #####......# #
≈≈≈...# ##### ######.#
≈≈≈≈#####...# .#
≈.≈≈....'...# +#


You could see a wight.

Vanquished Creatures
  A black bear (D:6)
  A necrophage (D:6)
  2 ogres
  2 scorpions
  A water moccasin zombie (D:6)
  A jelly (D:4)
  Terence (D:2)
  An orc wizard (D:3)
  An iguana (D:4)
  Robin (D:2)
  4 gnolls (D:3)
  2 adders
  An adder skeleton (D:4)
  A worm (D:3)
  2 dart slugs
  12 orcs
  6 endoplasms
  2 giant cockroaches
  5 hobgoblins
  7 jackals (D:3)
  3 kobolds
  A quokka (D:1)
  5 ball pythons
  6 bats
  A frilled lizard (D:2)
  15 goblins
  5 rats
90 creatures vanquished.

Notes
Turn   | Place    | Note
-------+----------+-------------------------------------------
     0 | D:1      | Lavandula the Naga Arcane Marksman began the quest for the
                  | Orb.
     0 | D:1      | Reached XP level 1. HP: 18/18 MP: 2/2
   122 | D:1      | Found a faded altar of an unknown god.
   173 | D:1      | Reached XP level 2. HP: 25/25 MP: 3/3
   639 | D:2      | Noticed Terence
   646 | D:2      | Killed Terence
   647 | D:2      | Reached XP level 3. HP: 26/31 MP: 4/4
   649 | D:2      | Noticed Robin
   954 | D:2      | Killed Robin
   955 | D:2      | Reached XP level 4. HP: 32/38 MP: 5/5
  1804 | D:2      | Noticed Natasha
  2196 | D:3      | Reached skill level 1 in Short Blades
  2235 | D:3      | Noticed an ogre
  2239 | D:3      | Killed an ogre
  2240 | D:3      | Reached XP level 5. HP: 44/44 MP: 6/6
  2546 | D:3      | Reached XP level 6. HP: 36/51 MP: 7/7
  3114 | D:4      | Reached skill level 5 in Crossbows
  3129 | D:4      | Found a hazy altar of Hepliaklqana.
  3130 | D:4      | Found a shimmering altar of Xom.
  3131 | D:4      | Noticed a spectral ugly thing
  3361 | D:4      | Found an ornate altar of the Wu Jian Council.
  3598 | D:4      | Found a stormy altar of Qazlal.
  4007 | D:4      | You fall into a shaft and drop 2 floors!
  4044 | D:6      | Reached XP level 7. HP: 30/58 MP: 8/8
  4102 | D:6      | Learned a level 3 spell: Inner Flame
  4201 | D:6      | Found a snail-covered altar of Cheibriados.
  4228 | D:6      | Reached skill level 5 in Short Blades
  4290 | D:6      | HP: 2/62 [wight (13)]
  4290 | D:6      | Slain by a wight

Illustrated notes

Levels and vault maps discovered:
D:1:      dpeg_arrival_refuge, layout_basic, ebering_ecumenical_altar_abandoned,
          roderic_roman_lattice
D:2:      layout_basic, uniq_natasha, uniq_terence, uniq_robin
D:3:      layout_basic
D:4:      layout_basic, regret_index_temple_of_mockery, lemuel_crystal_altar,
          mainiacjoe_overflow_swirl
D:6:      cheibrodos_helix_gallery, layout_basic, kennysheep_slug_shrine,
          portal_sewer_entry_e

Skill      XL: |  1  2  3  4  5  6  7 |
---------------+----------------------+-----
Crossbows      | 2 3 4 5 |  5.7
Short Blades   | 3 4 5 |  5.0
Fighting       | 3 |  3.0
Dodging        | |  1.5
Spellcasting   | |  1.0
Hexes          | |  3.0

Action                   |  1- 3 |  4- 6 |  7- 9 || total
-------------------------+-------+-------+-------++-------
Melee: Spear             |     7 |       |       ||     7
       Dagger            |     4 |    73 |     9 ||    86
       Short sword       |       |    41 |     9 ||    50
 Fire: Hand crossbow     |    24 |    44 |       ||    68
 Abil: Spit Poison       |    13 |    35 |     6 ||    54
  Use: Potion            |     1 |       |     2 ||     3
       Scroll            |       |       |     5 ||     5
Armor: Robe              |     4 |    37 |     3 ||    44
Dodge: Dodged            |    11 |    65 |    16 ||    92

Table legend: (Time is in decaauts)
 A = Elapsed time spent in this place.
 B = Non-inter-level travel time spent in this place.
 C = Inter-level travel time spent in this place.
 D = Time resting spent in this place.
 E = Time spent auto-exploring this place.
 F = Levels seen in this place.
 G = Mean time per level.
                   A        B        C        D        E       F      G
               +--------+--------+--------+--------+--------+-----+--------+
         Total |   5381 |   5153 |    228 |    553 |   3689 |   5 | 1076.2 |
       Dungeon |   5381 |   5153 |    228 |    553 |   3689 |   5 | 1076.2 |
               +--------+--------+--------+--------+--------+-----+--------+

Top non-repeatable levels by time:
     D:3: 1542 daAuts
     D:2: 1507 daAuts
     D:4: 1174 daAuts
     D:1: 815 daAuts
     D:6: 341 daAuts
